 Dungeon Sprint DCSS version 0.29.0-7-g18a832c13a (webtiles) character file.

Game seed: 16120985312667919428

1733 GigaChad the Carver (level 8, -5/85 HPs)
             Began as a Minotaur Fighter on Aug 30, 2022.
             Was a Priest of Trog.
             Slain by a two-headed ogre
             ... wielding a +0 giant club
              (7 damage)
             ... in the Dungeon (Sprint IX: "|||||||||||||||||||||||||||||").
             The game lasted 00:02:28 (583 turns).

GigaChad the Carver (Minotaur Fighter)               Turns: 583, Time: 00:02:29

Health: -5/85      AC: 10    Str: 25    XL:     8   Next: 76%
Magic:  7/7        EV: 11    Int:  8    God:    Trog [***...]
Gold:   0          SH:  6    Dex: 11    Spells: 7/7 levels left

rFire   . . .      SeeInvis .   p - +2 scimitar (holy)
rCold   . . .      Faith    .   c - +0 buckler
rNeg    . . .      Spirit   .   r - +1 scale mail
rPois   .          Reflect  .   (helmet restricted)
rElec   .          Harm     .   (no cloak)
rCorr   .          Rampage  .   (no gloves)
Will    .....      NoTele   +   (no boots)
Stlth   ..........              (no amulet)
HPRegen 0.24/turn               s - +3 ring of intelligence
MPRegen 0.10/turn               t - +3 ring of strength

@: lethally poisoned (-5 -> -9)
A: horns 2, retaliatory headbutt
a: Renounce Religion, Berserk, Trog's Hand


You were in the Dungeon.
You worshipped Trog.
Trog was most pleased with you.
You visited 1 branch

Inventory:

Hand Weapons
 a - a +0 long sword
 l - a +2 halberd of venom
 m - the +2 morningstar of Wale {freeze, rElec rC+++ rCorr Dex-5}
   (You found it in the Dungeon)

   It freezes those it strikes, dealing additional cold damage.
   It can also slow down cold-blooded creatures.
   Dex:       It affects your dexterity (-5).
   rC:        It renders you almost immune to cold.
   rElec:     It insulates you from electricity.
   rCorr:     It protects you from acid and corrosion.
 n - a +4 quarterstaff of speed
 o - a +2 rapier of draining
 p - a +2 scimitar of holy wrath (weapon)
 q - a +3 vorpal war axe
Armour
 b - a +0 scale mail
 c - a +0 buckler (worn)
 r - a +1 scale mail (worn)
Jewellery
 s - a +3 ring of intelligence (left hand)
 t - a +3 ring of strength (right hand)
Wands
 k - a wand of quicksilver (10)
Scrolls
 j - 2 scrolls of blinking
Potions
 d - a potion of might
 e - 5 potions of curing
 f - 3 potions of heal wounds
 g - a potion of haste
 h - 4 potions of magic
 i - a potion of invisibility


   Skills:
 + Level 12.6 Fighting
 + Level 12.9 Long Blades
 + Level 12.1 Armour
 + Level 2.8 Dodging
 + Level 10.8 Shields


You had 7 spell levels left.
You didn't know any spells.
Your spell library was empty.

Dungeon Overview and Level Annotations

Branches:
Dungeon (1/1)

Altars:
Cheibriados
Dithmenos
Elyvilon
Fedhas
Gozag
Hepliaklqana
Kikubaaqudgha
Makhleb
Nemelex Xobeh
Okawaru
Qazlal
Ru
Sif Muna
Trog
Uskayaw
Vehumet
Wu Jian
Xom
Yredelemnul
Zin
The Shining One
Jiyva
Lugonu


Innate Abilities, Weirdness & Mutations

You have a pair of horns on your head.
You reflexively headbutt those who attack you in melee.


Message History

You hit the green ugly thing but do no damage.
The green ugly thing is severely wounded.
You feel very sick.
The green ugly thing claws you but does no damage.
You completely miss the green ugly thing.
The green ugly thing is severely wounded.
You feel very sick. The green ugly thing barely misses you.
You slash the green ugly thing!
The green ugly thing is almost dead.
You feel very sick.
You hit the green ugly thing but do no damage.
The green ugly thing is almost dead.
You feel very sick.
The green ugly thing claws you but does no damage.
You barely miss the green ugly thing.
The green ugly thing is almost dead.
You feel very sick.
You block the green ugly thing's attack.
You slash the green ugly thing!
You kill the green ugly thing!
Trog accepts your kill.
You feel very sick.
Your Long Blades skill increases to level 12!
Your Armour skill increases to level 12!
You barely miss the two-headed ogre.
You feel sick.
The two-headed ogre hits you with a +0 giant club!!
* * * LOW HITPOINT WARNING * * *
The two-headed ogre hits you with a +0 giant spiked club!
* * * LOW HITPOINT WARNING * * *
You slash the two-headed ogre!
The two-headed ogre is lightly wounded.
* * * LOW HITPOINT WARNING * * *
You feel sick.
You hit the two-headed ogre but do no damage.
The two-headed ogre is lightly wounded.
* * * LOW HITPOINT WARNING * * *
You feel sick. You block the two-headed ogre's attack.
The two-headed ogre hits you with a +0 giant spiked club!
You die... ▓▓▓▓▓▓▓▓▓▓▓▓▓▓▓▓▓▓▓▓▓▓▓▓ .?..[[...').....@Oucc..+ ▓▓▓▓▓▓▓▓▓▓▓▓▓▓▓▓▓▓▓▓▓▓▓▓

You could see a red ugly thing, 2 centaur warriors and a two-headed ogre.

Vanquished Creatures
  A two-headed ogre (D)
  An ugly thing (D)
  A yak (D)
  A steam dragon (D)
  2 water moccasins (D)
  A black bear (D)
  A killer bee (D)
  A howler monkey (D)
  An iguana (D)
  2 orc wizards (D)
  An adder (D)
  An endoplasm (D)
  A hobgoblin (D)
  A quokka (D)
  2 ball pythons (D)
18 creatures vanquished.

Notes
Turn   | Place    | Note
-------+----------+-------------------------------------------
     0 | D        | GigaChad the Minotaur Fighter began the quest for the Orb.
     0 | D        | Reached XP level 1. HP: 19/19 MP: 0/0
    20 | D        | Noticed an iguana
    20 | D        | Noticed a black bear
    20 | D        | Noticed a water moccasin
    20 | D        | Noticed a water moccasin
    21 | D        | Killed an iguana
    22 | D        | Reached skill level 5 in Fighting
    22 | D        | Reached skill level 5 in Armour
    22 | D        | Reached skill level 5 in Shields
    22 | D        | Reached XP level 2. HP: 25/29 MP: 1/1
    22 | D        | Reached XP level 3. HP: 31/36 MP: 2/2
    26 | D        | Killed a black bear
    27 | D        | Reached skill level 5 in Long Blades
    27 | D        | Reached XP level 4. HP: 47/47 MP: 3/3
    29 | D        | Killed a water moccasin
    30 | D        | Reached XP level 5. HP: 53/53 MP: 4/4
    34 | D        | Killed a water moccasin
    35 | D        | Reached skill level 1 in Dodging
    35 | D        | Reached XP level 6. HP: 63/63 MP: 5/5
    67 | D        | Found a snail-covered altar of Cheibriados.
    67 | D        | Found a shadowy altar of Dithmenos.
    67 | D        | Found a white marble altar of Elyvilon.
    67 | D        | Found a blossoming altar of Fedhas.
    67 | D        | Found an opulent altar of Gozag.
    68 | D        | Found a hazy altar of Hepliaklqana.
    69 | D        | Found a viscous altar of Jiyva.
    70 | D        | Found an ancient bone altar of Kikubaaqudgha.
    71 | D        | Found a corrupted altar of Lugonu.
    72 | D        | Found a burning altar of Makhleb.
    73 | D        | Found a sparkling altar of Nemelex Xobeh.
    74 | D        | Found an iron altar of Okawaru.
    75 | D        | Found a stormy altar of Qazlal.
    76 | D        | Found a sacrificial altar of Ru.
    77 | D        | Found a shimmering blue altar of Sif Muna.
    78 | D        | Found a bloodstained altar of Trog.
    79 | D        | Found a hide-covered altar of Uskayaw.
    80 | D        | Found a radiant altar of Vehumet.
    81 | D        | Found an ornate altar of the Wu Jian Council.
    82 | D        | Found a shimmering altar of Xom.
    83 | D        | Found a basalt altar of Yredelemnul.
    84 | D        | Found a glowing silver altar of Zin.
    85 | D        | Found a glowing golden altar of the Shining One.
    96 | D        | Became a worshipper of Trog the Wrathful
   112 | D        | Got the +2 morningstar of Wale {freeze, rElec rC+++ rCorr
                  | Dex-5}
   136 | D        | Noticed a yak
   136 | D        | Noticed a two-headed ogre
   136 | D        | Noticed a steam dragon
   146 | D        | Killed a yak
   146 | D        | Reached * piety under Trog
   147 | D        | Reached skill level 10 in Fighting
   152 | D        | Killed a two-headed ogre
   153 | D        | Reached skill level 10 in Shields
   153 | D        | Reached XP level 7. HP: 24/75 MP: 6/6
   153 | D        | Reached XP level 8. HP: 26/83 MP: 7/7
   160 | D        | Reached ** piety under Trog
   566 | D        | Noticed a green ugly thing
   566 | D        | Noticed a two-headed ogre
   566 | D        | Noticed a red ugly thing
   566 | D        | Noticed a centaur warrior
   566 | D        | Noticed a centaur warrior
   580 | D        | Killed a green ugly thing
   580 | D        | Reached *** piety under Trog
   582 | D        | HP: 3/85 [poisoned by a green ugly thing]
   583 | D        | Slain by a two-headed ogre

Illustrated notes

Levels and vault maps discovered:
D:        linesprint [early_d, line_temple, items_1, d_10, items_2, lair_1,
          lair_end, items_3, orc_1, orc_end, items_4, d_15, swamp_1, shoals_1,
          snake_1, spider_1, d_20, vaults_1, items_5, swamp_end, shoals_end,
          snake_end, spider_end, vaults_end, d_27, items_6, zot_1, zot_end,
          crypt_end, forest_end, elf_end, slime_end, tomb_end, abyss_end,
          pan_hell_end]

Skill      XL: |  1  2  3  4  5  6  7  8 |
---------------+-------------------------+-----
Fighting       | 5 7 8 9 11 12 | 12.6
Armour         | 5 7 8 9 11 12 | 12.1
Shields        | 5 6 7 8 10 | 10.8
Long Blades    | 3 5 7 8 11 12 | 12.9
Dodging        | 1 2 |  2.8

Action                   |  1- 3 |  4- 6 |  7- 9 || total
-------------------------+-------+-------+-------++-------
Melee: Long sword        |    15 |     8 |       ||    23
       Headbutt          |     2 |     5 |     4 ||    11
       Scimitar          |       |    15 |    32 ||    47
  Use: Potion            |     1 |       |       ||     1
Armor: Scale mail        |     7 |     4 |     9 ||    20
Dodge: Dodged            |     5 |     5 |    11 ||    21
Block: Buckler           |     3 |     5 |     4 ||    12
